 Dungeon Crawl Stone Soup version 0.31.0-4-g52a2dc7128 (webtiles) character file.

Game seed: 9545128135873925239

2180 shadowrider38 the Cleaver (level 9, 0/79 HPs)
             Began as a Minotaur Fighter on Jan 22, 2024.
             Slain by a hornet (8 damage)
             ... on level 7 of the Dungeon.
             The game lasted 00:02:56 (6093 turns).

shadowrider38 the Cleaver (Minotaur Fighter)        Turns: 6093, Time: 00:02:57

Health: 0/79       AC: 18    Str: 24    XL:     9   Next: 11%
Magic:  8/8        EV:  7    Int:  5    God:
Gold:   298        SH:  5    Dex: 11    Spells: 8/8 levels left

rFire   . . .        a - +0 war axe
rCold   . . .        c - +0 buckler
rNeg    . . .        w - +0 plate armour
rPois   +            u - +0 hat
rElec   .            n - scarf {repulsion}
rCorr   .            (no gloves)
SInv    .            r - +0 pair of boots
Will    .....        (no amulet) Stlth
                     o - ring of poison resistance
HPRegen 0.33/turn    b - +4 ring of protection
MPRegen 0.11/turn

%: repel missiles
@: slowed, very slow
A: horns 2, retaliatory headbutt
a: no special abilities


You were on level 7 of the Dungeon.
You visited 1 branch of the dungeon, and saw 7 of its levels.

You collected 298 gold pieces.

Inventory:

Hand Weapons
 a - a +0 war axe (weapon)
Missiles
 t - 10 boomerangs (quivered)
 Z - a throwing net
Armour
 c - a +0 buckler (worn)
 n - a scarf of repulsion (worn)
 r - a +0 pair of boots (worn)
 u - a +0 hat (worn)
 w - a +0 plate armour (worn)
Magical Staves
 i - a staff of earth
 s - a staff of fire
Jewellery
 b - a +4 ring of protection (right hand)
 o - a ring of poison resistance (left hand)
 y - a ring of magical power
Wands
 E - a wand of charming (10)
 I - a wand of iceblast (13)
Scrolls
 g - 5 scrolls of identify {unknown}
 h - 2 scrolls of fear {unknown}
 j - 3 scrolls of torment {unknown}
 k - a scroll of enchant weapon {unknown}
 l - a scroll of teleportation {unknown}
 m - a scroll of revelation {unknown}
 q - 3 scrolls of enchant armour {unknown}
 v - a scroll of silence {unknown}
 x - a scroll of fog {unknown}
 B - a scroll of vulnerability {unknown}
 C - a scroll of immolation {unknown}
 D - a scroll of poison {unknown}
Potions
 d - 2 potions of might
 e - a potion of brilliance
 f - 3 potions of enlightenment
 p - 2 potions of degeneration {unknown}
 z - a potion of berserk rage {unknown}
 A - a potion of attraction {unknown}
 Q - 3 potions of curing


   Skills:
 + Level 7.4 Fighting
 * Level 9.5 Axes
 + Level 7.4 Armour
 + Level 7.4 Shields


You had 8 spell levels left.
You didn't know any spells.
Your spell library contained the following spells:

 Spells                   Type           Power      Damage    Failure   Level
 Slow                     Hex            0%         N/A       100%        1
 Confusing Touch          Hex            0%         N/A       100%        3
 Sigil of Binding         Hex            0%         N/A       100%        3
 Vampiric Draining        Necr           0%         2d6       100%        3


Dungeon Overview and Level Annotations

Branches:
Dungeon (7/15) Zot: 26681  Temple (0/1) D:5

Altars:
Zin

Shops:
D:3 *   D:6 *


Innate Abilities, Weirdness & Mutations

You have a pair of horns on your head.
You reflexively headbutt those who attack you in melee.


Message History

You are no longer poisoned.
The killer bee stings you but does no damage.
The killer bee stings you but does no damage.
You miss the killer bee. The killer bee stings you.
* * * LOW HITPOINT WARNING * * *
The killer bee stings you but does no damage.
You are too injured to fight recklessly!
You slash the killer bee! You headbutt the killer bee.
You kill the killer bee!
You hit the killer bee. The killer bee closely misses you.
You block the killer bee's attack.
The killer bee stings you but does no damage.
You are too injured to fight recklessly!
You miss the killer bee. Your headbutt misses the killer bee.
The killer bee is heavily wounded.
You barely miss the killer bee. You block the killer bee's attack.
The killer bee completely misses you. You furiously retaliate!
You headbutt the killer bee. The killer bee closely misses you.
The killer bee stings you but does no damage.
You are too injured to fight recklessly!
You miss the killer bee. Your headbutt misses the killer bee.
The killer bee is heavily wounded.
You barely miss the killer bee. The killer bee barely misses you.
You furiously retaliate!
You headbutt the killer bee!
The killer bee stings you but does no damage.
The killer bee closely misses you. You furiously retaliate!
You headbutt the killer bee, but do no damage.
The killer bee barely misses you.
You are too injured to fight recklessly!
You slash the killer bee!
You kill the killer bee!
You miss the killer bee.
The killer bee stings you but does no damage.
You block the killer bee's attack.
The hornet stings you but does no damage.
You are too injured to fight recklessly!
You closely miss the hornet. You headbutt the hornet.
The hornet is lightly wounded.
You miss the killer bee.
The killer bee stings you but does no damage. x2
The hornet stings you!
* * * LOW HITPOINT WARNING * * *
You feel yourself slow down.
Unknown command.
You closely miss the hornet. You headbutt the hornet!
The hornet is moderately wounded.
You slash the killer bee!
You kill the killer bee!
The hornet barely misses you. The hornet stings you!
You die...

.# #.# #.# #.# .#
#.# #.# #. .. #.#
######.###### ..
#.# #.....#.....#
..# #.#
#.####.####.... ###
#.## #.# ##.# .
#####..#####.# #..#
...........#.###.##
######..........@#
#.###.#.###y# #.#
#.#.###.## .## #.#
#.#.##...####..?..
#.#
#.#..............<
#.#
#.#.#....###.#..#.
#.. ...###.... ..
#.. #.# #.#.### .#
. .....# #


You could see a hornet.

Vanquished Creatures
  A hornet (D:6)
  A steam dragon (D:7)
  An ice beast (D:5)
  An orc warrior (D:6)
  3 ogres
  A black bear (D:6)
  A centaur (D:6)
  3 scorpions
  6 killer bees (D:7)
  4 bombardier beetles
  2 jellies
  5 hounds
  A gnoll bouda (D:7)
  2 orc priests (D:6)
  A sleepcap (D:5)
  4 iguanas
  3 orc wizards
  Natasha (thrice) (D:2)
  4 gnolls (D:7)
  4 adders
  2 ufetubi (D:6)
  A dart slug (D:3)
  9 orcs
  6 endoplasms
  2 giant cockroaches
  3 goblins
  4 hobgoblins
  9 jackals
  5 kobolds
  5 quokkas
  8 ball pythons
  2 bats (D:1)
  5 frilled lizards
  A rat (D:2)
113 creatures vanquished.

Notes
Turn   | Place    | Note
-------+----------+-------------------------------------------
     0 | D:1      | shadowrider38 the Minotaur Fighter began the quest for the
                  | Orb.
     0 | D:1      | Reached XP level 1. HP: 19/19 MP: 0/0
   383 | D:1      | Reached XP level 2. HP: 27/27 MP: 1/1
   463 | D:1      | Reached skill level 3 in Axes
   590 | D:1      | Found a faded altar of an unknown god.
  1127 | D:2      | Noticed Natasha
  1140 | D:2      | Killed Natasha
  1141 | D:2      | Reached XP level 3. HP: 16/33 MP: 2/2
  1356 | D:2      | Noticed Natasha
  1361 | D:2      | Killed Natasha
  1362 | D:2      | Reached XP level 4. HP: 34/40 MP: 3/3
  1552 | D:2      | Noticed Natasha
  1784 | D:2      | Reached skill level 4 in Axes
  1801 | D:2      | Killed Natasha
  2389 | D:3      | Found Remecraf's General Store.
  2391 | D:3      | Reached XP level 5. HP: 47/47 MP: 4/4
  2752 | D:4      | Noticed an ogre
  2764 | D:4      | Killed an ogre
  2765 | D:4      | Reached skill level 5 in Axes
  2765 | D:4      | Reached XP level 6. HP: 39/55 MP: 5/5
  3568 | D:5      | Entered Level 5 of the Dungeon
  3678 | D:5      | Reached skill level 6 in Axes
  3725 | D:5      | Reached XP level 7. HP: 61/61 MP: 6/6
  3945 | D:5      | Found a staircase to the Ecumenical Temple.
  4103 | D:5      | Reached skill level 7 in Axes
  4474 | D:5      | Found a glowing silver altar of Zin.
  4712 | D:6      | Reached XP level 8. HP: 54/70 MP: 7/7
  4823 | D:6      | Noticed a hornet
  4828 | D:6      | Paralysed by a hornet for 2 turns
  4838 | D:6      | Killed a hornet
  4839 | D:6      | Reached skill level 8 in Axes
  5304 | D:6      | Found Gecis's General Store.
  5522 | D:6      | Found the +7 staff of the Meek {protect, meekguard}
  5815 | D:7      | Reached skill level 9 in Axes
  5950 | D:7      | Reached XP level 9. HP: 76/79 MP: 8/8
  6093 | D:7      | Slain by a hornet

Illustrated notes

Levels and vault maps discovered:
D:1:      wander_arrival_peaceful_grave, layout_basic,
          shapermc_ecumenical_altar_mp_ritualfount, serial_bayou_crossing
D:2:      wander_river, layout_loops_corners, uniq_natasha
D:3:      layout_loops_ring, serial_shops, nicolae_shop_getting_attention,
          minmay_misc_feat_ornament
D:4:      layout_basic
D:5:      layout_loops_corners, zin_scriptorium,
          minmay_temple_entry_gardened_gates, dreamdust_mushroom_princess,
          minmay_crystal_room
D:6:      layout_layer_cave, serial_shops, nicolae_shop_statue_plus,
          chequers_serial_rivers_micro_a
D:7:      layout_loops_ring, uniq_pikel

Skill      XL: |  1  2  3  4  5  6  7  8 |
---------------+-------------------------+-----
Axes           | 3 4 5 6 7 9 |  9.5
Fighting       | 4 5 6 7 |  7.4
Armour         | 4 5 6 7 |  7.4
Shields        | 4 5 6 7 |  7.4

Action                     |  1- 3 |  4- 6 |  7- 9 || total
---------------------------+-------+-------+-------++-------
  Melee: War axe           |    52 |   112 |   180 ||   344
         Headbutt          |     9 |    16 |    26 ||    51
    Use: Potion            |       |       |     5 ||     5
 Armour: Scale mail        |    24 |       |       ||    24
         Chain mail        |    33 |    44 |       ||    77
         Plate armour      |       |    37 |   229 ||   266
  Dodge: Dodged            |    32 |    46 |    75 ||   153
  Block: Buckler           |    20 |    31 |    55 ||   106
